 Dungeon Crawl Stone Soup version 0.19.4-10-g532645f (webtiles) character file.

2695 galech the Shield-Bearer (level 9, 0/56 HPs)
             Began as a Gargoyle Fighter on Feb 23, 2017.
             Slain by a howler monkey (4 damage)
             ... on level 7 of the Dungeon.
             The game lasted 00:12:08 (5946 turns).

galech the Shield-Bearer (Gargoyle Fighter)         Turns: 5946, Time: 00:12:09

Health: 0/56       AC: 23    Str: 27    XL:     9   Next: 65%
Magic:  9/9        EV: 11    Int:  9    God:
Gold:   306        SH: 14    Dex:  9    Spells: 0 memorised, 8 levels left

rFire  . . .     SeeInvis .     y - +4 flail (protect)
rCold  . . .     Gourm    .     G - +1 leather armour "Gittav" {Str+4}
rNeg   + . .     Faith    .     c - +0 shield
rPois  ∞         Spirit   .     x - +0 helmet
rElec  +         Reflect  +     w - +2 cloak {MR+}
rCorr  .         Harm     .     t - +0 pair of gloves
MR     +....                    (no boots)
Stlth  +.........               v - +3 amulet of reflection
                                (no ring)
                                (no ring)

@: protection aura
A: negative energy resistance 1, electricity resistance, unbreathing,
petrification resistance, rot immunity, AC +5
a: no special abilities


You were on level 7 of the Dungeon.
You were hungry.

You visited 1 branch of the dungeon, and saw 7 of its levels.

You collected 306 gold pieces.

Inventory:

Hand Weapons
 y - a +4 flail of protection (weapon)
Armour
 c - a +0 shield (worn)
 m - a +1 hat
 t - a +0 pair of gloves (worn)
 w - a +2 cloak of magic resistance (worn)
 x - a +0 helmet (worn)
 F - a +1 chain mail of cold resistance
 G - the +1 leather armour "Gittav" (worn) {Str+4}
   (You found it on level 5 of the Dungeon)

   It affects your strength (+4).
Jewellery
 v - a +3 amulet of reflection (around neck)
Wands
 b - a wand of lightning (9/15)
 N - a wand of iceblast (9/15)
Scrolls
 g - 5 scrolls of magic mapping
 i - 3 scrolls of amnesia
 k - 2 scrolls of random uselessness {unknown}
 n - 8 scrolls of remove curse
 o - 3 scrolls of fear
 p - 4 scrolls of teleportation
 q - a scroll of fog
 E - a scroll of immolation
 K - a scroll of noise {unknown}
 L - a scroll of blinking {unknown}
 M - a scroll of vulnerability {unknown}
Potions
 d - 2 potions of might
 e - 3 potions of heal wounds {unknown}
 l - 2 potions of magic {unknown}
 r - 2 potions of brilliance {unknown}
 z - a potion of mutation {unknown}
 A - 3 potions of agility {unknown}
 B - 2 potions of resistance {unknown}
 H - 2 potions of ambrosia {unknown}
 I - a potion of flight {unknown}
 J - a potion of invisibility {unknown}
Books
 u - a book of Changes

   Spells                             Type                      Level
   a - Beastly Appendage              Transmutation                1
   b - Sticks to Snakes               Transmutation                2
   c - Spider Form                    Transmutation/Poison         3
   d - Ice Form                       Ice/Transmutation            4
   e - Blade Hands                    Transmutation                5
Comestibles
 a - 2 chunks of flesh
 f - 6 bread rations
 j - 5 fruits
 s - 4 beef jerkies
 C - 3 slices of pizza
 D - 2 meat rations


   Skills:
 + Level 6.4 Fighting
 + Level 7.8 Maces & Flails
 + Level 5.5 Armour
 + Level 3.9 Dodging
 + Level 7.9 Shields


You had 8 spell levels left.
You didn't know any spells.

Dungeon Overview and Level Annotations

Branches:
Dungeon (7/15)
 Temple: D:4-7

Altars:
Dithmenos
Trog


Innate Abilities, Weirdness & Mutations

You are resistant to torment.
Your stone body is resilient. (AC +5)
You are immune to poison.
You resist negative energy. (rN+)
You are resistant to electric shocks. (rElec)
You can survive without breathing.
You are immune to petrification.
You are immune to rotting.


Message History

The howler monkey hoots and howls with incredible vigour!
The howler monkey hits you but does no damage.
You barely miss the orc warrior.
The orc warrior is almost dead.
The howler monkey hits you but does no damage.
The howler monkey hoots and howls with incredible vigour!
The orc warrior hits you with a flail.
* * * LOW HITPOINT WARNING * * *
You sock the orc warrior!
You kill the orc warrior!
The howler monkey hits you but does no damage. x2
You are too injured to fight recklessly!
You hit the howler monkey.
The howler monkey is moderately wounded.
You block the howler monkey's attack. x2; The howler monkey closely misses you. x2
You thump the howler monkey!
The howler monkey is heavily wounded.
The howler monkey hoots and howls with incredible vigour!
The howler monkey hits you.
You die...

# #####.##
#@h....###
#hh.......
#......###
#.<##.##
##+# #


You could see 3 howler monkeys.

Vanquished Creatures
  Pikel (D:6)
  Grinder (D:3)
  Sigmund (D:4)
  A wyvern (D:6)
  Edmund (D:4)
  3 orc warriors
  2 ogres
  2 centaurs (D:5)
  A big kobold (D:6)
  Blork the orc (D:6)
  A scorpion (D:6)
  2 electric eels (D:6)
  A crimson imp (D:5)
  A hound (D:5)
  3 orc priests
  A bullfrog skeleton (D:5)
  2 iguanas (D:5)
  3 orc wizards
  7 worker ants
  Robin (D:3)
  8 adders
  A howler monkey skeleton (D:6)
  2 oozes
  An adder skeleton (D:4)
  4 dart slugs
  A worm (D:5)
  10 leopard geckos
  17 orcs
  8 bats
  6 giant cockroaches
  8 hobgoblins
  5 jackals
  8 kobolds
  2 quokkas
  A ball python (D:4)
  10 frilled lizards
  13 goblins
  6 rats
147 creatures vanquished.

Vanquished Creatures (others)
  A centaur (D:5)
  An adder (D:6)
  A kobold (D:6)
3 creatures vanquished.

Grand Total: 150 creatures vanquished

Notes
Turn   | Place    | Note
-------+----------+-------------------------------------------
     0 | D:1      | galech the Gargoyle Fighter began the quest for the Orb.
     0 | D:1      | Reached XP level 1. HP: 14/14 MP: 1/1
    89 | D:1      | Reached XP level 2. HP: 12/19 MP: 2/2
   453 | D:1      | Reached XP level 3. HP: 23/23 MP: 3/3
  1210 | D:2      | Reached XP level 4. HP: 28/28 MP: 4/4
  1401 | D:3      | Noticed Grinder
  1405 | D:3      | Paralysed by Grinder for 4 turns
  1757 | D:4      | Reached skill level 1 in Dodging
  1771 | D:4      | Reached XP level 5. HP: 27/33 MP: 5/5
  1781 | D:4      | Noticed Sigmund
  1813 | D:4      | Killed Sigmund
  1813 | D:4      | Reached XP level 6. HP: 6/38 MP: 6/6
  2131 | D:3      | Paralysed by Grinder for 2 turns
  2151 | D:3      | Killed Grinder
  2151 | D:3      | Reached skill level 5 in Shields
  2151 | D:3      | Reached XP level 7. HP: 24/44 MP: 7/7
  2495 | D:3      | Noticed Robin
  2822 | D:3      | Killed Robin
  3037 | D:3      | Found a bloodstained altar of Trog.
  3516 | D:4      | Noticed Edmund
  3552 | D:4      | Killed Edmund
  3552 | D:4      | Reached skill level 5 in Maces & Flails
  3835 | D:4      | Found a shadowy altar of Dithmenos.
  4131 | D:4      | Reached skill level 5 in Armour
  4131 | D:4      | Reached XP level 8. HP: 48/48 MP: 8/8
  4284 | D:5      | Entered Level 5 of the Dungeon
  4503 | D:5      | Got a heavily runed leather armour
  4514 | D:5      | Identified the +1 leather armour "Gittav" {Str+4} (You found it on level 5 of the Dungeon)
  4555 | D:5      | Reached skill level 5 in Fighting
  5040 | D:6      | Noticed Blork the orc
  5272 | D:6      | Killed Blork the orc
  5381 | D:6      | Noticed Pikel
  5405 | D:6      | Killed Pikel
  5405 | D:6      | Reached XP level 9. HP: 55/55 MP: 9/9
  5946 | D:7      | Slain by a howler monkey

Skill      XL: |  1  2  3  4  5  6  7  8  9 |
---------------+----------------------------+-----
Shields        | 4 5 6 7 |  7.9
Maces & Flails | 3 4 5 7 |  7.8
Dodging        | 1 3 |  3.9
Fighting       | 4 5 6 |  6.4
Armour         | 4 5 |  5.5

Action                   |  1- 3 |  4- 6 |  7- 9 || total
-------------------------+-------+-------+-------++-------
Melee: Flail             |   142 |   114 |   478 ||   734
  Use: Scroll            |       |       |    10 ||    10
  Eat: Chunk             |     1 |     3 |    13 ||    17
Armor: Scale mail        |    79 |    59 |   136 ||   274
       Leather armour    |       |       |   101 ||   101
       Chain mail        |       |       |     5 ||     5
Dodge: Dodged            |    40 |    38 |   174 ||   252
Block: Shield            |   111 |    63 |   430 ||   604
       Reflection        |       |       |    13 ||    13
